 Dungeon Crawl Stone Soup version 0.31-a0-202-g547052bce9 (webtiles) character file.

Game seed: 14624550534526960680

25 qw the Shooter (level 2, -2/16 HPs)
             Began as a Deep Elf Hunter on June 26, 2023.
             Frozen to death by an endoplasm (4 damage)
             ... on level 1 of the Dungeon.
             The game lasted 00:00:13 (258 turns).

qw the Shooter (Deep Elf Hunter)                     Turns: 258, Time: 00:00:13

Health: -2/16      AC:  3    Str:  8    XL:     2   Next: 82%
Magic:  4/4        EV: 12    Int: 13    God:
Gold:   28         SH:  0    Dex: 18    Spells: 1/1 levels left

rFire   . . .        a - +0 shortbow
rCold   . . .        (shield currently unavailable)
rNeg    . . .        c - +0 leather armour
rPois   .            (no helmet)
rElec   .            (no cloak)
rCorr   .            (no gloves)
SInv    .            (no boots)
Will    .....        (no amulet)
Stlth   ++           (no ring)
HPRegen 0.22/turn    (no ring)
MPRegen 0.09/turn

%: no passive effects
@: no status effects
A: no striking features
a: no special abilities


You were on level 1 of the Dungeon.
You visited 1 branch of the dungeon, and saw 1 of its levels.

You collected 77 gold pieces.
You spent 49 gold pieces at shops.


   Skills:
 - Level 1.5 Fighting
 + Level 6.5 Ranged Weapons
 - Level 2.4 Dodging
 - Level 1.2 Stealth


You had one spell level left.
You didn't know any spells.
Your spell library was empty.

Inventory:

Hand Weapons
 a - a +0 shortbow (weapon)
Armour
 c - a +0 leather armour (worn)
 f - a +0 pair of boots
 g - a +0 pair of gloves
Scrolls
 b - a scroll of butterflies
 d - a scroll of summoning {unknown}
 e - a scroll of amnesia {unknown}

Dungeon Overview and Level Annotations

Branches:
Dungeon (1/15)

Altars:

Shops:
D:1 [


Message History

Enter note:
Enter note: You shoot an arrow.
The ball python hisses angrily.
The arrow hits the ball python.
You kill the ball python!
A bat comes into view.
You shoot an arrow. The arrow closely misses the bat.
A bat comes into view.
An endoplasm comes into view.
You shoot an arrow. The endoplasm quivers.
The arrow hits the bat.
The bat is severely wounded.
The bat barely misses you. The bat hits you.
The bat hits you but does no damage.
You shoot an arrow. The arrow barely misses the bat.
The bat hits you but does no damage. x2; The bat closely misses you.
You shoot an arrow. The arrow hits the bat.
You kill the bat!
The bat closely misses you. The bat misses you.
You shoot an arrow. The arrow hits the bat.
You kill the bat!
The bat hits you but does no damage.
You shoot an arrow. The arrow misses the bat.
The bat hits you but does no damage.
You shoot an arrow.
The arrow hits the kobold but does no damage.
The bat misses you. The bat completely misses you.
The kobold hits you with a +0 whip.
You shoot an arrow. The arrow closely misses the kobold.
The bat hits you. The kobold hits you with a +0 whip.
You shoot an arrow. The arrow closely misses the kobold.
The kobold hits you with a +0 whip. The endoplasm freezes you.
You are frozen.
You shoot an arrow. The arrow closely misses the kobold.
The kobold closely misses you. The endoplasm freezes you.
You are frozen.
You die...

##.......###########.#
##.........#### #
#..............
#...........###
#...........# .
##.........## .. .
##...#...## ###.# #
#######>#####K...#.# #
#.....@Jb.....
#..#####...... ####
..... .... ... .. .


You could see an endoplasm, a bat and a kobold.

Vanquished Creatures
  3 ball pythons (D:1)
  3 bats (D:1)
  An endoplasm (D:1)
  3 giant cockroaches (D:1)
  A goblin (D:1)
  3 hobgoblins (D:1)
  4 jackals (D:1)
  2 quokkas (D:1)
20 creatures vanquished.

Notes
Turn   | Place    | Note
-------+----------+-------------------------------------------
     0 | D:1      | qw the Deep Elf Hunter began the quest for the Orb.
     0 | D:1      | Reached XP level 1. HP: 12/12 MP: 3/3
     0 | D:1      | 0 ||| qw: Version: 0.3-a-22-g0ed2b0b
     0 | D:1      | 0 ||| qw: Game counter: 6028
     0 | D:1      | 0 ||| qw: Melee chars always use a shield: true
     0 | D:1      | 0 ||| qw: God list: Okawaru
     0 | D:1      | 0 ||| qw: Allow faded altars: false
     0 | D:1      | 0 ||| qw: Do Orc after clearing Dungeon:15 true
     0 | D:1      | 0 ||| qw: Do second Lair branch before Depths: true
     0 | D:1      | 0 ||| qw: Lair rune preference: random
     0 | D:1      | 0 ||| qw: Goals: Normal
     0 | D:1      | 0 ||| PLANNING D:1-11
    65 | D:1      | Reached XP level 2. HP: 16/16 MP: 4/4
    73 | D:1      | Reached skill level 6 in Ranged Weapons
   131 | D:1      | Found Uwyz's Armour Shop.
   141 | D:1      | 141 ||| BUYING +0 pair of gloves (49 gold).
   141 | D:1      | Bought a +0 pair of gloves for 49 gold pieces
   141 | D:1      | 141 ||| SHOPLISTING +4 ring mail (286 gold, have 24).
   257 | D:1      | HP: 3/16 [kobold/+0 whip (5)]
   258 | D:1      | Frozen to death by an endoplasm

Levels and vault maps discovered:
D:1:      nicolae_arrival_washed_ashore, layout_rooms, serial_shops, shop,
          feat_on_display

Skill      XL: |  1  2 |
---------------+-------+-----
Ranged Weapons | 6 |  6.5
Fighting       | |  1.5
Dodging        | |  2.4
Stealth        | |  1.2

Action                     || total
---------------------------++-------
   Fire: Shortbow          ||    74
 Armour: Leather armour    ||    21
  Dodge: Dodged            ||    38

Table legend:
 A = Non-vault XP
 B = Vault XP
 C = Vault XP percentage of total XP
 D = Non-vault monster count
 E = Vault monster count
 F = Vault count percentage of total count
                 A         B        C        D         E       F
            +---------+---------+-------+---------+---------+-------
      Total |      36 |       0 |   0.0 |      20 |       0 |   0.0
            +---------+---------+-------+---------+---------+-------
        D:1 |      36 |       0 |   0.0 |      20 |       0 |   0.0
            +---------+---------+-------+---------+---------+-------
